 Dungeon Crawl Stone Soup version 0.27.0-1-g7a089689b8 (webtiles) character file.

Game seed: 15085287297424918878

135 horus123 the Caller (level 4, -3/24 HPs)
             Began as a Deep Elf Summoner on Aug 16, 2021.
             Slain by Pikel (5 damage)
             ... on level 3 of the Dungeon.
             The game lasted 00:12:30 (4848 turns).

horus123 the Caller (Deep Elf Summoner)             Turns: 4848, Time: 00:12:30

Health: -3/24      AC:  5    Str: 11    XL:     4   Next: 96%
Magic:  2/12       EV: 12    Int: 21    God:
Gold:   188        SH:  0    Dex: 15    Spells: 3/12 levels left

rFire    + . .     SeeInvis +   k - +0 quarterstaff
rCold    + . .     Faith    .   (shield currently unavailable)
rNeg     . . .     Spirit   .   s - +0 robe {rC+ rF+}
rPois    .         Reflect  .   i - +2 hat
rElec    .         Harm     .   (no cloak)
rCorr    .         Rampage  .   (no gloves)
Will     .....                  h - +0 pair of boots
Stlth    ++........             (no amulet)
HPRegen  0.08/turn              j - +6 ring of strength
MPRegen  0.13/turn              r - ring of see invisible

@: hasted, very quick
A: no striking features
a: no special abilities


You were on level 3 of the Dungeon.
You visited 1 branch of the dungeon, and saw 4 of its levels.

You collected 188 gold pieces.

Inventory:

Hand Weapons
 d - a +2 trident of venom
 k - a +0 quarterstaff (weapon)
Armour
 a - a +0 robe
 h - a +0 pair of boots (worn)
 i - a +2 hat (worn)
 m - a +1 helmet
 s - a +0 robe of resistance (worn)
Jewellery
 e - a ring of ice
 j - a +6 ring of strength (left hand)
 r - a ring of see invisible (right hand)
Wands
 p - a wand of polymorph (1)
Scrolls
 g - a scroll of enchant armour
 t - a scroll of enchant weapon {unknown}
 u - a scroll of identify
Potions
 b - 2 potions of haste
 c - a potion of attraction
 f - a potion of brilliance {unknown}
 l - a potion of magic {unknown}
 n - a potion of heal wounds {unknown}
 o - a potion of berserk rage {unknown}
 q - a potion of lignification {unknown}


   Skills:
 + Level 2.4 Dodging
 + Level 2.5 Stealth
 + Level 4.8 Spellcasting
 * Level 1.4 Hexes
 + Level 5.9 Summonings


You had 3 spell levels left.
You knew the following spells:

 Your Spells              Type           Power      Damage    Failure   Level
a - Summon Small Mammal   Summ           100%       N/A       1%          1
b - Call Imp              Summ           29%        N/A       1%          2
c - Call Canine Familiar  Summ           29%        N/A       3%          3
d - Summon Guardian Gole  Hex/Summ       20%        N/A       8%          3

Your spell library contained the following spells:

 Spells                   Type           Power      Damage    Failure   Level
 Corpse Rot               Necr/Air       N/A        N/A       17%         2
 Summon Lightning Spire   Summ/Air       17%        N/A       32%         4
 Dispel Undead            Necr           5%         3d7       73%         4
 Death Channel            Necr           2%         N/A       100%        6


Dungeon Overview and Level Annotations

Branches:
Dungeon (4/15)
 Temple: D:4-7

Altars:

Annotations:
D:3 Pikel


Message History

Your shadow imp hits the lemure.
Your shadow imp barely misses the lemure.
Your shadow imp closely misses the kobold.
The kobold misses your shadow imp.
Your shadow imp hits the lemure.
The kobold misses your shadow imp.
Something hits your shadow imp but does no damage.
There is a stone staircase leading up here.
You climb upwards.
There is a stone staircase leading down here.
A beastly little devil appears in a puff of flame.
Pikel barely misses you.
Pikel hits you with a +0 whip of freezing.
Your crimson imp closely misses Pikel.
You barely miss Pikel.
Pikel is lightly wounded.
Your crimson imp blinks!
Pikel says, "You'll feel the lick of my whip!"
Pikel closely misses you.
You barely miss Pikel.
Pikel is lightly wounded.
Pikel barely misses you.
You hit Pikel.
Pikel is moderately wounded.
Pikel hits you with a +0 whip of freezing.
Pikel freezes you.
Your crimson imp blinks!
A beastly little devil appears in a puff of flame.
Pikel hits you with a +0 whip of freezing.
Pikel freezes you.
Pikel hits you with a +0 whip of freezing!
* * * LOW HITPOINT WARNING * * *
Pikel freezes you.
* * * LOW HITPOINT WARNING * * *
Unknown command.
Your crimson imp blinks!
Pikel says, "You'll freeze in Cocytus!"
Pikel is nearby!
You feel yourself speed up.
Pikel hits you with a +0 whip of freezing.
You die...

....#......#......###.# #.#
...........##.......#.# #.#
...........##....)..#.# #.#
..........###.......#.# #.#
..........###.......#.# #.#
............5.5.....#.###.#
...>........5.............#
..............##K####.#####
..............##@# #.#
..............##.# #.#
###...........##.####.#
#...........##......#
#...........#########
#...........# #...........#
#...........# #############


You could see Pikel (ally target) and a friendly crimson imp (summoned).

Vanquished Creatures
  A hobgoblin (D:2)
  A ball python (D:3)
2 creatures vanquished.

Vanquished Creatures (collateral kills)
  A scorpion (D:4)
  A hound (D:4)
  Ijyb (D:3)
  A killer bee zombie (D:3)
  2 adders
  An adder skeleton (D:4)
  2 worms (D:2)
  4 dart slugs
  9 orcs (D:3)
  3 bats (D:1)
  3 endoplasms
  12 goblins
  6 hobgoblins
  2 jackals (D:2)
  2 kobolds
  4 quokkas
  3 ball pythons
  2 frilled lizards (D:2)
  8 rats
67 creatures vanquished.

Vanquished Creatures (others)
  13 plants (D:2)
13 creatures vanquished.

Grand Total: 82 creatures vanquished

Notes
Turn   | Place    | Note
-------+----------+-------------------------------------------
     0 | D:1      | horus123 the Deep Elf Summoner began the quest for the Orb.
     0 | D:1      | Reached XP level 1. HP: 10/10 MP: 6/6
   881 | D:1      | Reached XP level 2. HP: 12/15 MP: 2/8
   935 | D:1      | Learned a level 2 spell: Call Imp
  1645 | D:2      | Reached skill level 5 in Summonings
  2225 | D:2      | Reached XP level 3. HP: 19/19 MP: 6/10
  2719 | D:2      | Found a faded altar of an unknown god.
  2947 | D:2      | Learned a level 3 spell: Call Canine Familiar
  4039 | D:3      | Learned a level 3 spell: Summon Guardian Golem
  4206 | D:3      | Noticed Ijyb
  4218 | D:3      | Reached XP level 4. HP: 24/24 MP: 1/12
  4234 | D:3      | Killed Ijyb
  4681 | D:4      | Noticed a scorpion
  4694 | D:4      | Killed a scorpion
  4695 | D:4      | Reached skill level 1 in Hexes
  4801 | D:4      | Noticed a lemure
  4801 | D:4      | Noticed Pikel
  4802 | D:4      | Noticed a lemure
  4803 | D:4      | Noticed a lemure
  4805 | D:4      | Noticed a lemure
  4848 | D:3      | Slain by Pikel

Illustrated notes

Levels and vault maps discovered:
D:1:      dpeg_arrival_signposts, layout_basic
D:2:      layout_basic, basic_ecumenical_altar, serial_bayou_lake_a
D:3:      kennysheep_the_goblin_king, layout_basic, kennysheep_generic_room_9
D:4:      layout_rooms, general_overflow_altar, mainiacjoe_overflow_24_doors,
          uniq_ijyb, uniq_pikel, uniq_natasha, uniq_menkaure

Skill      XL: |  1  2  3  4 |
---------------+-------------+-----
Summonings     | 5 |  5.9
Spellcasting   | 4 |  4.8
Hexes          | 1 |  1.4
Dodging        | |  2.4
Stealth        | |  2.5

Action                   |  1- 3 |  4- 6 || total
-------------------------+-------+-------++-------
Melee: Unarmed           |     1 |       ||     1
       Quarterstaff      |     7 |     4 ||    11
 Cast: Summon Small Mamm |    38 |     3 ||    41
       Call Imp          |    60 |    22 ||    82
       Call Canine Famil |     6 |     2 ||     8
  Use: Scroll            |     8 |       ||     8
       Potion            |     2 |     1 ||     3
Armor: Robe              |    13 |       ||    13
Dodge: Dodged            |    43 |     5 ||    48
